 Dungeon Crawl Stone Soup version 0.31-a0-963-ga325b2283a (webtiles) character file.

Game seed: 14487488565901731147

50 Arzdou the Ruffian (level 3, 0/39 HPs)
             Began as a Demonspawn Shapeshifter on Oct 25, 2023.
             Succumbed to a gnoll's poison
             ... on level 2 of the Dungeon.
             The game lasted 00:02:06 (1273 turns).

Arzdou the Ruffian (Demonspawn Shapeshifter)        Turns: 1273, Time: 00:02:07

Health: 0/39       AC: 21    Str: 16    XL:     3   Next: 55%
Magic:  3/3        EV:  2    Int: 11    God:
Gold:   56         SH:  0    Dex: 12    Spells: 2/2 levels left

rFire   . .          .
                       - Unarmed
rCold   . . .        (no shield)
rNeg    . . .        h - melded +0 leather armour
rPois   +            (helmet currently unavailable)
rElec   .            (cloak currently unavailable)
rCorr   .            (gloves currently unavailable)
SInv    .            (boots currently unavailable)
Will    .....        (no amulet)
Stlth   +            (no ring)
HPRegen 0.26/turn    (no ring)
MPRegen 0.08/turn

%: no passive effects
@: lethally poisoned (0 -> -13), tree-form
A: stationary, stasis, torment immunity, boosted hp, rugged brown scales 1,
demonic guardian 1
a: no special abilities


You were on level 2 of the Dungeon.
You were a tree.
You visited 1 branch of the dungeon, and saw 2 of its levels.

You collected 56 gold pieces.

Inventory:

Armour
 a - a +0 animal skin
 h - a +0 leather armour (melded)
Talismans
 c - a beast talisman
 d - a flux talisman
 g - a blade talisman
Scrolls
 e - 4 scrolls of identify {unknown}
 f - a scroll of amnesia {unknown}
 i - 2 scrolls of noise {unknown}
 j - a scroll of fog {unknown}
 k - a scroll of enchant armour {unknown}
Potions
 l - a potion of degeneration {unknown}
 m - a potion of curing {unknown}


   Skills:
 - Level 1.0 Fighting
 - Level 1.7 Dodging
 + Level 4.2 Unarmed Combat
 - Level 2.7 Shapeshifting


You had 2 spell levels left.
You didn't know any spells.
Your spell library contained the following spells:

 Spells                   Type           Power      Damage    Failure   Level
 Poisonous Vapours        Pois/Air       0%         N/A       47%         2
 Mephitic Cloud           Conj/Pois/Air  0%         N/A       71%         3
 Freezing Cloud           Conj/Ice/Air   0%         6-21      100%        5


Dungeon Overview and Level Annotations

Branches:
Dungeon (2/15)

Altars:

Shops:
D:1 :


Innate Abilities, Weirdness & Mutations

You are a tree.
Your roots penetrate the ground, keeping you stationary.
You cannot be teleported.
You are immune to unholy pain and torment.
Your maximum health is greatly increased.
Your equipment is partially melded.
(You are partially covered in rugged brown scales. (AC +1, +3% HP))
A weak demonic guardian rushes to your aid.


Message History

Found a stone staircase leading up. 2 gnolls come into view.
A gnoll is wielding a +2 spear of venom.
Found a scroll labelled YMMAAFOFIFE.
The gnoll shouts!
You hear an angry hiss.
A gnoll comes into view. It is wielding a +0 spear.
You closely miss the gnoll. The gnoll hits you but does no damage.
The gnoll hits you from afar with a +2 spear of venom.
You are poisoned.
You hit the gnoll.
The gnoll is moderately wounded.
You feel sick. The gnoll misses you.
The gnoll hits you from afar with a +2 spear of venom.
You are more poisoned.
You hit the gnoll but do no damage.
The gnoll is moderately wounded.
You feel very sick. The gnoll hits you with a +0 club.
The gnoll barely misses you.
You hit the gnoll.
The gnoll is moderately wounded.
You feel sick. The gnoll hits you with a +0 club.
* * * LOW HITPOINT WARNING * * *
The gnoll barely misses you.
You hit the gnoll.
The gnoll is severely wounded.
* * * LOW HITPOINT WARNING * * *
You feel sick. The gnoll closely misses you.
You hit the gnoll.
The gnoll is almost dead.
* * * LOW HITPOINT WARNING * * *
You feel sick.
The gnoll hits you from afar with a +2 spear of venom.
* * * LOW HITPOINT WARNING * * *
A demonic guardian appears!
You are more poisoned.
Your transformation has ended.
You turn into a tree.
Your +0 leather armour melds into your body.
Your roots penetrate the ground.
You die...

..#
#.######..#####
#.##......<$...
#.........#####
##.##.####.....
...##.# ##### #
#.##.# ####
##.##g# #>.#
#..♣g.# ## #..#
#..####
#.#####..####5.#
#.....>.......#
#.###..###...#
##
##.....##.###.#
.###..###....#
.#
..#....#####.#
.# .#.#...###
##.. ##


You could see 2 gnolls and a friendly ufetubus (summoned).

Vanquished Creatures
  2 adders (D:2)
  3 dart slugs
  2 bats
  2 endoplasms (D:1)
  4 goblins
  4 hobgoblins (D:1)
  3 ball pythons (D:1)
  A frilled lizard (D:1)
  2 kobolds
  3 rats (D:1)
26 creatures vanquished.

Notes
Turn   | Place    | Note
-------+----------+-------------------------------------------
     0 | D:1      | Arzdou the Demonspawn Shapeshifter began the quest for the
                  | Orb.
     0 | D:1      | Reached XP level 1. HP: 15/15 MP: 1/1
   172 | D:1      | Reached skill level 3 in Unarmed Combat
   233 | D:1      | Gained mutation: You are partially covered in rugged brown
                  | scales. (AC +1, +3% HP) [demonic ancestry]
   233 | D:1      | Reached XP level 2. HP: 8/21 MP: 2/2
   692 | D:1      | Found Xouxeog's Book Shoppe.
  1109 | D:2      | Gained mutation: A weak demonic guardian rushes to your
                  | aid. [demonic ancestry]
  1109 | D:2      | Reached XP level 3. HP: 23/26 MP: 3/3
  1122 | D:2      | Reached skill level 4 in Unarmed Combat
  1273 | D:2      | Succumbed to a gnoll's poison

Illustrated notes

Levels and vault maps discovered:
D:1:      erik_arrival_orb_chamber, layout_basic, serial_shops,
          nicolae_shop_hallway_stairs, kennysheep_doodads, due_unseen_surprise
D:2:      layout_loops_ring

Skill      XL: |  1  2  3 |
---------------+----------+-----
Unarmed Combat | 3 4 |  4.2
Fighting       | |  1.0
Dodging        | |  1.7
Shapeshifting  | |  2.7

Action                     || total
---------------------------++-------
  Melee: Unarmed           ||    85
         Punch             ||     1
    Use: Potion            ||     1
   Stab: Sleeping          ||     1
 Armour: Animal skin       ||    12
         Leather armour    ||    34
  Dodge: Dodged            ||    41

Table legend: (Time is in decaauts)
 A = Elapsed time spent in this place.
 B = Non-inter-level travel time spent in this place.
 C = Inter-level travel time spent in this place.
 D = Time resting spent in this place.
 E = Time spent auto-exploring this place.
 F = Levels seen in this place.
 G = Mean time per level.
                   A        B        C        D        E       F      G
               +--------+--------+--------+--------+--------+-----+--------+
         Total |   1267 |   1241 |     26 |      0 |   1033 |   2 |  633.5 |
       Dungeon |   1267 |   1241 |     26 |      0 |   1033 |   2 |  633.5 |
               +--------+--------+--------+--------+--------+-----+--------+

Top non-repeatable levels by time:
     D:1: 1091 daAuts
     D:2: 175 daAuts
